 Dungeon Crawl Stone Soup version 0.19-a0-1608-g4cf22de (webtiles) character file.

86 rlgrobin the Cutter (level 4, -4/30 HPs)
             Began as a Halfling Chaos Knight on Sept 17, 2016.
             Slain by Crazy Yiuf
             ... wielding a +4 quarterstaff of chaos
              (15 damage)
             ... on level 2 of the Dungeon.
             The game lasted 00:03:09 (1662 turns).

rlgrobin the Cutter (Halfling Chaos Knight)         Turns: 1662, Time: 00:03:09

Health: -4/30      AC:  5    Str: 13    XL:     4   Next: 78%
Magic:  0/4        EV: 13    Int: 10    God:    Xom [..*...]
Gold:   34         SH:  0    Dex: 14    Spells: 0 memorised, 3 levels left

rFire  . . .     SeeInvis .     a - +0 short sword (chaos)
rCold  . . .     Gourm    .     b - +2 leather armour
rNeg   . . .     Faith    .     (shield restricted)
rPois  .         Spirit   .     (no helmet)
rElec  .         Dismiss  .     (no cloak)
rCorr  .         Reflect  .     (no gloves)
MR     .....     Harm     .     (no boots)
Stlth  +.........               (no amulet)
                                (no ring)
                                (no ring)

@: no status effects
A: mutation resistance 1
a: Renounce Religion


You were on level 2 of the Dungeon.
You worshipped Xom.
You were a toy of Xom.
You were hungry.

You visited 1 branch of the dungeon, and saw 2 of its levels.

You collected 34 gold pieces.


Innate Abilities, Weirdness & Mutations

You are small and have problems with some larger weapons.
You are somewhat resistant to further mutation.


   Skills:
 - Level 2.6 Fighting
 + Level 6.2 Short Blades
 - Level 2.1 Armour
 - Level 1.1 Dodging


You had 3 spell levels left.
You didn't know any spells.

Inventory:

Hand Weapons
 a - a +0 short sword of chaos (weapon)
Armour
 b - a +2 leather armour (worn)
Scrolls
 e - a scroll of recharging {unknown}
 f - a scroll of enchant weapon {unknown}
 h - a scroll of remove curse {unknown}
 i - 3 scrolls of identify {unknown}
 j - a scroll of teleportation {unknown}
 l - 2 scrolls of amnesia {unknown}
Potions
 d - a potion of cure mutation {unknown}
Comestibles
 c - 2 bread rations
 g - 2 slices of pizza
 k - 6 chunks of flesh

Dungeon Overview and Level Annotations

Branches:
Dungeon (2/15)

Altars:
Ru

Annotations:
D:2 Crazy Yiuf

▒.▒▒▒▒▒.▒ ▒..▒
.......>▒ ▒▒.▒▒
.▒..▒▒▒▒▒▒ ▒..▒
.........▒ ▒▒.▒
.▒..▒▒▒▒▒▒ ▒.▒
.▒..▒▒▒▒<▒
♣♣♣♣♣▒▒.▒▒
.▒.......▒ ▒▒▒
♣♣♣.♣.f.▒..▒
.▒.▒▒▒▒▒▒▒
▒...▒♣..♣.f.....▒
.▒.......▒
▒...gp♣♣♣♣ff....▒
.▒▒▒▒▒▒▒▒▒
▒)..▒♣♣ ♣♣♣.▒.▒▒
▒▒ ▒▒▒ ♣▒▒▒▒


You could see Crazy Yiuf.


Message History

You stick Crazy Yiuf but do no damage!
Crazy Yiuf is lightly wounded!
Crazy Yiuf barely misses you!
You skewer Crazy Yiuf like a kebab! You burn Crazy Yiuf!
Crazy Yiuf is heavily wounded!
You barely miss Crazy Yiuf!
Crazy Yiuf is heavily wounded!
Crazy Yiuf says, "It is extremely absurd to expect to be enlightened by reason, and yet to prescribe to it beforehand on which side it must incline!"
Crazy Yiuf hits you with a quarterstaff of chaos!!!
You feel your power leaking away!
You stick Crazy Yiuf like a pincushion!
Crazy Yiuf seems to speed up!
Crazy Yiuf is severely wounded!
Crazy Yiuf completely misses you!
You spit Crazy Yiuf but do no damage!
Nothing appears to happen!
Crazy Yiuf is severely wounded!
Crazy Yiuf ponders an existential dilemma!
Crazy Yiuf misses you!
You are feeling hungry!
You skewer Crazy Yiuf but do no damage!
Crazy Yiuf is severely wounded!
Crazy Yiuf misses you!
You perforate Crazy Yiuf like a sieve! You freeze Crazy Yiuf!
Crazy Yiuf is severely wounded!
Crazy Yiuf hits you with a quarterstaff of chaos!!! * * * don't die
* * * You spit Crazy Yiuf like a pig!
You smell something strange!
Crazy Yiuf is almost dead!
Crazy Yiuf hits you with a quarterstaff of chaos!!!
DANG rip

Action                   |  1- 3 |  4- 6 || total
-------------------------+-------+-------++-------
Melee: Short sword       |   101 |    59 ||   160
  Eat: Chunk             |       |     2 ||     2
Armor: Leather armour    |    44 |    10 ||    54
Dodge: Dodged            |    61 |    26 ||    87

Vault maps used:
D:1:      dpeg_arrival_subterranean_lakeside_camping
D:2:      hangedman_ru_absence, uniq_crazy_yiuf_cottage

Notes
Turn   | Place    | Note
-------+----------+-------------------------------------------
     0 | D:1      | rlgrobin the Halfling Chaos Knight began the quest for the Orb.
     0 | D:1      | Reached XP level 1. HP: 15/15 MP: 1/1
   235 | D:1      | Reached skill level 4 in Short Blades
   257 | D:1      | XOM: noise
   290 | D:1      | Reached XP level 2. HP: 20/20 MP: 2/2
   626 | D:1      | Reached XP level 3. HP: 20/25 MP: 3/3
   786 | D:1      | Reached skill level 5 in Short Blades
   808 | D:2      | XOM: polymorph frilled lizard -> river rat
   910 | D:2      | Found a sacrificial altar of Ru.
   986 | D:2      | Reached XP level 4. HP: 21/30 MP: 4/4
  1256 | D:2      | XOM: harmless Ice miscast
  1470 | D:2      | Reached skill level 6 in Short Blades
  1646 | D:2      | Found a runed door.
  1650 | D:2      | Noticed Crazy Yiuf
  1662 | D:2      | Slain by Crazy Yiuf

Vanquished Creatures
  3 adders (D:2)
  A river rat (D:2)
  2 oozes
  A leopard gecko (D:1)
  7 bats
  2 giant cockroaches
  6 goblins
  4 hobgoblins
  2 jackals (D:2)
  2 kobolds
  A quokka (D:2)
  3 frilled lizards
  9 rats
  A fungus (D:2)
44 creatures vanquished.
